[ AOE2 MATCH · #464778403 ]
UnrankedKhmer vs Britons
[ REPLAY ANALYSIS · EXTRACTED FROM THE RECORDED GAME ]
Feudal
—
Castle
—
Imperial
—
| APM avg | 47.5 |
| APM peak | 73 |
| eAPM avg | 11.4 |
| Villagers / military | 5 / 0 |
Focus
⚔️ 0.0% · 🌾 100.0%
Feudal
—
Castle
—
Imperial
—
| APM avg | 5.4 |
| APM peak | 9 |
| eAPM avg | 5.4 |
| Villagers / military | 0 / 0 |
Feudal
—
Castle
—
Imperial
—
| APM avg | 35.1 |
| APM peak | 53 |
| eAPM avg | 11.9 |
| Villagers / military | 5 / 0 |
Focus
⚔️ 0.0% · 🌾 100.0%
Feudal
—
Castle
—
Imperial
—
| APM avg | 49.9 |
| APM peak | 58 |
| eAPM avg | 12.4 |
| Villagers / military | 6 / 0 |
Focus
⚔️ 0.0% · 🌾 100.0%
Feudal
—
Castle
—
Imperial
—
| APM avg | 32.1 |
| APM peak | 40 |
| eAPM avg | 10.4 |
| Villagers / military | 5 / 0 |
Focus
⚔️ 0.0% · 🌾 100.0%
Feudal
—
Castle
—
Imperial
—
| APM avg | 51.9 |
| APM peak | 60 |
| eAPM avg | 9.4 |
| Villagers / military | 6 / 0 |
Focus
⚔️ 0.0% · 🌾 100.0%
Match map
Initial resources + every placement click. Lines = walls · curves = elevation contours. ◆ gold · ⬟ stone · ● berries · ✦ relic · ◌ wall gap
Your base
2024eles's base
Edarin's base
Don Salluste's base
wata58454's base
Miel's base
Smoothed initial terrain · ◌ = detected wall gap · hover for details
Inputs per minute
— FLOPO - - 2024eles
Build order — FLOPO
8 actions detected in the replay
| 0:01 | Create | Villager (Male) |
| 0:01 | Create | Villager (Male) |
| 0:01 | Create | Villager (Male) |
| 0:02 | Create | Villager (Male) |
| 0:03 | Build | House |
| 0:05 | Build | House |
| 1:43 | Create | Villager (Male) |
| 1:49 | Build | Lumber Camp |
Build order — 2024eles
0 actions detected in the replay
Build order — Edarin
8 actions detected in the replay
| 0:00 | Create | Villager (Male) |
| 0:01 | Create | Villager (Male) |
| 0:01 | Create | Villager (Male) |
| 0:01 | Create | Villager (Male) |
| 0:03 | Build | House |
| 0:04 | Build | House |
| 1:19 | Create | Villager (Male) |
| 1:44 | Build | Lumber Camp |
Build order — Don Salluste
6 actions detected in the replay
| 0:02 | Create | Villager (Male) |
| 0:02 | Create | Villager (Male) |
| 0:31 | Create | Villager (Male) |
| 0:31 | Create | Villager (Male) |
| 1:33 | Create | Villager (Male) |
| 1:34 | Create | Villager (Male) |
Build order — wata58454
8 actions detected in the replay
| 0:03 | Create | Villager (Male) |
| 0:03 | Create | Villager (Male) |
| 0:04 | Create | Villager (Male) |
| 0:06 | Build | House |
| 0:08 | Build | House |
| 0:35 | Create | Villager (Male) |
| 1:31 | Build | Settlement |
| 1:39 | Create | Villager (Male) |
Build order — Miel
6 actions detected in the replay
| 0:01 | Create | Villager (Male) ×4 |
| 0:02 | Build | House |
| 0:04 | Build | House |
| 1:24 | Create | Villager (Male) |
| 1:52 | Build | Lumber Camp |
| 2:00 | Create | Villager (Male) |
Match timeline
| 1:44 | 2024eles · resign |
[ AI ANALYSIS · 1 CREDIT ]
What really happened in this match?
Wolo.gg analyzes every decision: build order, eco, micro, common mistakes by bracket. Personalized analysis on WhatsApp or Discord in 30 seconds.
Civ guide
Khmer
Perfil
Jugador #19322913